 Dungeon Crawl Stone Soup version 0.29.0-4-gdea44cf6ec (webtiles) character file.

Game seed: 6400847892977348746

35 qw the Chopper (level 3, -1/29 HPs)
             Began as a Barachi Chaos Knight on Sept 4, 2022.
             Slain by a rime drake (shapeshifter) (5 damage)
             ... on level 1 of the Dungeon.
             The game lasted 00:00:22 (677 turns).

qw the Chopper (Barachi Chaos Knight)                Turns: 677, Time: 00:00:23

Health: -1/29      AC:  5    Str: 15      XL:     3   Next: 33%
Magic:  3/3        EV: 11    Int: 12      God:
Gold:   6          SH:  0    Dex:  9 (11) Spells: 2/2 levels left

rFire   . . .      SeeInvis .   a - +0 hand axe (chaos)
rCold   . . .      Faith    .   (no shield)
rNeg    . . .      Spirit   .   b - +2 leather armour
rPois   .          Reflect  .   (no helmet)
rElec   .          Harm     .   (no cloak)
rCorr   .          Rampage  .   (no gloves)
Will    .....                   (no boots)
Stlth   +.........              (no amulet)
HPRegen 0.09/turn               (no ring)
MPRegen 0.08/turn               (no ring)

@: frozen, very slow
A: amphibious, slowness 1, strong legs 1, +LOS
a: Hop


You were on level 1 of the Dungeon.
You visited 1 branch of the dungeon, and saw 1 of its levels.

You collected 6 gold pieces.


Innate Abilities, Weirdness & Mutations

You are amphibious.
You cover ground slowly.
You can hop short distances.
You have an extended range of vision and can be seen from far away.


   Skills:
 - Level 3.6 Fighting
 + Level 4.8 Axes
 - Level 2.4 Armour
 - Level 1.1 Dodging


You had 2 spell levels left.
You didn't know any spells.
Your spell library was empty.

Inventory:

Hand Weapons
 a - a +0 hand axe of chaos (weapon)
 d - a +0 whip
Armour
 b - a +2 leather armour (worn)
Scrolls
 f - a scroll of amnesia {unknown}
Potions
 e - a potion of ambrosia {unknown}
Miscellaneous
 c - a piece from Xom's chessboard (15/15)

Dungeon Overview and Level Annotations

Branches:
Dungeon (1/15)

Altars:


Message History

The quokka barely misses you. The quokka closely misses you.
You barely miss the quokka. The quokka bites you.
You barely miss the quokka. The quokka closely misses you.
You slash the quokka!
You feel better.
You kill the quokka!
You start resting.
HP restored.
f - a scroll labelled VECKANOSUA A kobold comes into view.
It is wielding a +0 club.
The kobold shouts!
A giant cockroach comes into view.
You hear Xom's avuncular chuckle.
The giant cockroach changes into a shapeshifter!
669 ||| Stepping ~*~*~tactically~*~*~ (stealth).
You closely miss the kobold. The kobold closely misses you.
A rime drake comes into view.
The rime drake hisses angrily.
You hit the kobold.
You kill the kobold!
The rime drake breathes ice at you. The flash freeze misses you.
Things that are here:
a +0 club; a kobold corpse The rime drake bites you.
You closely miss the rime drake. The rime drake barely misses you.
The rime drake breathes ice at you. The flash freeze hits you!!
Ouch! That really hurt!
You are encased in ice.
You hit the rime drake.
The rime drake is lightly wounded.
The rime drake bites you.
You slash the rime drake!
Space warps around the rime drake.
The rime drake is heavily wounded.
The rime drake bites you.
You die...

.. # . ### #...
... ####.#. #.#
.......##.##
#.....#k..###
#...@....##
#.........## #
#.#.)$.....#.#
#.##.........#
#. #.
##......#### #.
#.###..........
#..
#......#.######
###..##...##.###
...........#)#


You could see a rime drake.

Vanquished Creatures
  A gnoll (D:1)
  A dart slug (D:1)
  2 bats (D:1)
  5 endoplasms (D:1)
  4 goblins (D:1)
  A hobgoblin (D:1)
  A quokka (D:1)
  A frilled lizard (D:1)
  3 kobolds (D:1)
  2 rats (D:1)
21 creatures vanquished.

Notes
Turn   | Place    | Note
-------+----------+-------------------------------------------
     0 | D:1      | qw the Barachi Chaos Knight began the quest for the Orb.
     0 | D:1      | Reached XP level 1. HP: 18/18 MP: 1/1
     0 | D:1      | 0 ||| qw: Version: 0.1-a-103-gd6f5d3a
     0 | D:1      | 0 ||| qw: Game counter: 5378
     0 | D:1      | 0 ||| qw: Always use a shield: true
     0 | D:1      | 0 ||| qw: God list: Okawaru
     0 | D:1      | 0 ||| qw: Allow faded altars: false
     0 | D:1      | 0 ||| qw: Do Orc after D:15 true
     0 | D:1      | 0 ||| qw: Do second Lair branch before Depths: true
     0 | D:1      | 0 ||| qw: Lair rune preference: random
     0 | D:1      | 0 ||| qw: Plans: Normal
     0 | D:1      | 0 ||| PLANNING D:1-11
     0 | D:1      | Fell from the grace of Xom
    20 | D:1      | Reached skill level 4 in Axes
    20 | D:1      | Reached XP level 2. HP: 23/24 MP: 2/2
   132 | D:1      | XOM: stat loss: -2 Dex (9/11)
   160 | D:1      | 160 ||| Stepping ~*~*~tactically~*~*~ (stealth).
   171 | D:1      | 171 ||| Stepping ~*~*~tactically~*~*~ (stealth).
   219 | D:1      | 219 ||| Stepping ~*~*~tactically~*~*~ (stealth).
   422 | D:1      | Reached XP level 3. HP: 29/29 MP: 3/3
   515 | D:1      | 515 ||| Stepping ~*~*~tactically~*~*~ (hiding).
   668 | D:1      | Noticed a shapeshifter
   668 | D:1      | a giant cockroach changed into a shapeshifter
   668 | D:1      | XOM: polymorph giant cockroach -> shapeshifter
   669 | D:1      | 669 ||| Stepping ~*~*~tactically~*~*~ (stealth).
   670 | D:1      | Noticed a rime drake
   675 | D:1      | HP: 6/29 [rime drake (shapeshifter)/flash freeze (19)]
   677 | D:1      | Slain by a rime drake (shapeshifter)

Levels and vault maps discovered:
D:1:      scummos_arrival_simple_fountains, layout_loops_ring,
          corexii_corridor_pit

Skill      XL: |  1 |
---------------+----+-----
Axes           | 4 |  4.8
Fighting       | |  3.6
Armour         | |  2.4
Dodging        | |  1.1

Action                   || total
-------------------------++-------
Melee: Hand axe          ||    62
Invok: Renounce Religion ||     1
Armor: Leather armour    ||    18
Dodge: Dodged            ||    33

Table legend:
 A = Non-vault XP
 B = Vault XP
 C = Vault XP percentage of total XP
 D = Non-vault monster count
 E = Vault monster count
 F = Vault count percentage of total count
                 A         B        C        D         E       F
            +---------+---------+-------+---------+---------+-------
      Total |      50 |       0 |   0.0 |      21 |       0 |   0.0
            +---------+---------+-------+---------+---------+-------
        D:1 |      50 |       0 |   0.0 |      21 |       0 |   0.0
            +---------+---------+-------+---------+---------+-------
